 Dungeon Crawl Stone Soup version 0.17-a0-1399-gd5b76e1 (webtiles) character file.

195 urechis the Spear-Bearer (level 5, -1/38 HPs)
             Began as a Merfolk Gladiator on June 19, 2015.
             Slain by kroki's ghost (10 damage)
             ... on level 3 of the Dungeon.
             The game lasted 00:07:14 (2614 turns).

urechis the Spear-Bearer (Merfolk Gladiator)        Turns: 2614, Time: 00:07:14

Health: -1/38      AC:  9    Str: 15    XL:     5   Next: 74%
Magic:  0/5        EV: 13    Int:  8    God:
Gold:   214        SH:  0    Dex: 15    Spells: 0 memorised, 4 levels left

rFire  . . .     SeeInvis .     g - +0 halberd
rCold  . . .     Clarity  .     b - +0 leather armour
rNeg   . . .     SustAt   .     (no shield)
rPois  .         Gourm    .     c - +0 helmet
rElec  .         Spirit   +     m - +2 cloak
rCorr  .         Warding  .     (no gloves)
rMut   .         Stasis   .     u - +1 pair of boots
MR     .....                    p - amulet of guardian spirit
Stlth  +.........               (no ring)
                                (no ring)

@: not resistant to hostile enchantments, very unstealthy
A: change form in water, swift swim
a: no special abilities


You were on level 3 of the Dungeon.
You were near starving.

You visited 1 branch of the dungeon, and saw 4 of its levels.

You collected 214 gold pieces.

Inventory:

Hand weapons
 a - a +0 trident
 g - a +0 halberd (weapon)
Missiles
 e - 3 throwing nets (quivered)
Armour
 b - a +0 leather armour (worn)
 c - a +0 helmet (worn)
 m - a +2 cloak (worn)
 u - a +1 pair of boots (worn)
Jewellery
 p - an amulet of guardian spirit (around neck)
 A - an uncursed ring of see invisible {unknown}
Scrolls
 f - 2 scrolls of remove curse {unknown}
 h - 2 scrolls of teleportation {unknown}
 i - 3 scrolls of blinking {unknown}
 k - a scroll of immolation {unknown}
 l - 8 scrolls of identify {unknown}
 r - 3 scrolls of noise {unknown}
 s - a scroll of recharging {unknown}
 y - a scroll of enchant weapon {unknown}
 z - a scroll of enchant armour {unknown}
Potions
 n - a potion of curing {unknown}
 o - 2 potions of might
 q - a potion of poison {unknown}
 t - a potion of heal wounds
 v - a potion of cancellation
 w - a potion of lignification {unknown}
Comestibles
 d - 3 bread rations
 j - a beef jerky
 x - a meat ration
 C - a slice of pizza


   Skills:
 - Level 2.1 Fighting
 + Level 9.0 Polearms
 - Level 2.0 Throwing
 - Level 4.0 Dodging


You had 4 spell levels left.
You didn't know any spells.

Dungeon Overview and Level Annotations

Branches:
Dungeon (4/15)
 Temple: D:4-7

Altars:
Dithmenos
Kikubaaqudgha
Sif Muna

Annotations:
D:3 kroki's ghost, average DrGl


Message History

You barely miss kroki's ghost.
Kroki's ghost is moderately damaged.
Kroki's ghost barely misses you.
You slash kroki's ghost!
Kroki's ghost is heavily damaged.
Kroki's ghost closely misses you. Kroki's ghost barely misses you.
You closely miss kroki's ghost.
Kroki's ghost is heavily damaged.
Kroki's ghost hits you!
* * * LOW HITPOINT WARNING * * *
You miss kroki's ghost.
Kroki's ghost is heavily damaged.
Kroki's ghost hits you but does no damage.
You slash kroki's ghost!
Kroki's ghost is almost destroyed.
Kroki's ghost hits you but does no damage.
You miss kroki's ghost.
Kroki's ghost is almost destroyed.
Kroki's ghost hits you!
You die...

#.# #.# #.....# ### #.#
#.# #.....### #.# #.#
#....... #.#
###.######.....# # #.#
#.......##.....#.# #.#
#.......##.....#.# #.#
#.......####.....###
#.###..................#
#......@..............[#
#####...W..............#
########...........#
####..####### ##........
#.####### #.## # #..# #
##.## #


You could see kroki's ghost.

Vanquished Creatures
  The ghost of kroki the Insei, a weakling DgTm (D:4)
  A worker ant (D:4)
  4 gnolls (D:2)
  An adder (D:2)
  An ooze (D:1)
  2 worms (D:2)
  2 orcs
  7 bats
  A bat skeleton (D:4)
  2 giant cockroaches (D:3)
  5 goblins
  6 hobgoblins
  12 jackals
  A quokka (D:3)
  3 giant newts (D:2)
  12 kobolds
  13 rats
74 creatures vanquished.

Notes
Turn   | Place    | Note
--------------------------------------------------------------
     0 | D:1      | urechis the Merfolk Gladiator began the quest for the Orb.
     0 | D:1      | Reached XP level 1. HP: 16/16 MP: 1/1
    96 | D:1      | Reached skill level 5 in Polearms
   162 | D:1      | Reached XP level 2. HP: 19/22 MP: 2/2
   588 | D:1      | Reached skill level 6 in Polearms
   588 | D:1      | Reached XP level 3. HP: 25/27 MP: 3/3
   919 | D:2      | Reached skill level 7 in Polearms
   919 | D:2      | Reached XP level 4. HP: 2/33 MP: 4/4
  1148 | D:2      | Found a deep blue altar of Sif Muna.
  1226 | D:2      | Found a faded altar to an unknown god.
  1322 | D:2      | Found a shadowy altar of Dithmenos.
  1603 | D:2      | Found an ancient bone altar of Kikubaaqudgha.
  1911 | D:3      | Reached skill level 8 in Polearms
  1917 | D:3      | Reached XP level 5. HP: 28/38 MP: 5/5
  2056 | D:3      | Noticed kroki's ghost (average DrGl)
  2096 | D:4      | Noticed kroki's ghost (weakling DgTm)
  2107 | D:4      | HP: 1/38 [kroki's ghost (4)]
  2114 | D:4      | Killed kroki's ghost
  2225 | D:4      | Reached skill level 9 in Polearms
  2614 | D:3      | Slain by kroki's ghost

Vault maps used:
D:1:      elethiomel_arrival_shortcut
D:2:      grunt_dithmenos_smoke_and_mirrors, led_sif_pool,
          lemuel_zombie_altar_kikubaaqudgha, ecumenical_altar_1
D:4:      minivault_26

Action                   |  1- 3 |  4- 6 || total
-------------------------+-------+-------++-------
Melee: Trident           |   110 |    16 ||   126
       Halberd           |       |   166 ||   166
  Use: Potion            |       |     4 ||     4
 Stab: Sleeping          |       |     1 ||     1
  Eat: Chunk             |       |     4 ||     4
